 Dungeon Crawl Stone Soup version 0.19-a0-1007-g133f65f (webtiles) character file.

2107 poirepourri the Thaumaturge (level 9, -5/45 HPs)
             Began as a Deep Elf Conjurer on July 19, 2016.
             Slain by a yak (8 damage)
             ... on level 5 of the Dungeon.
             The game lasted 00:14:08 (8655 turns).

poirepourri the Thaumaturge (Deep Elf Conjurer)     Turns: 8655, Time: 00:14:09

Health: -5/45      AC:  7    Str:  8    XL:     9   Next: 7%
Magic:  1/27       EV: 19    Int: 24    God:
Gold:   322        SH:  0    Dex: 19    Spells: 6 memorised, 13 levels left

rFire  . . .     SeeInvis .     n - +1 short sword
rCold  . . .     Gourm    .     a - +0 robe
rNeg   . . .     Faith    .     (no shield)
rPois  .         Spirit   .     (helmet restricted)
rElec  .         Dismiss  .     f - +0 cloak
rCorr  .         Reflect  .     (no gloves)
SustAt .         Harm     .     (no boots)
MR     .....                    (no amulet)
Stlth  +++.......               y - +6 ring of slaying
                                g - +3 ring of strength

@: agile, not resistant to hostile enchantments, fairly stealthy
A: horns 1, rough black scales 1, screaming 1
a: no special abilities


You were on level 5 of the Dungeon.
You were not hungry.

You visited 1 branch of the dungeon, and saw 6 of its levels.

You collected 322 gold pieces.

Inventory:

Hand Weapons
 n - a +1 short sword (weapon)
Armour
 a - a +0 robe (worn)
 f - a +0 cloak (worn)
Jewellery
 g - a +3 ring of strength (left hand)
 m - an uncursed ring of ice
 s - an uncursed ring of teleportation
 y - a +6 ring of slaying (right hand)
Wands
 o - a wand of flame (20/48)
 r - a wand of heal wounds (0/9)
Scrolls
 d - a scroll of teleportation
 i - 2 scrolls of remove curse
 t - a scroll of magic mapping
Potions
 k - a potion of lignification
Books
 b - a book of Conjurations

   Spells                             Type                      Level
   a - Magic Dart                     Conjuration                  1
   b - Searing Ray                    Conjuration                  2
   c - Dazzling Spray                 Conjuration/Hexes            3
   d - Fulminant Prism                Conjuration/Hexes            4
   e - Iskenderun's Mystic Blast      Conjuration                  4
   f - Iskenderun's Battlesphere      Conjuration/Charms           5
Comestibles
 c - 6 bread rations
 h - a royal jelly
 l - 2 meat rations


   Skills:
 + Level 3.8 Dodging
 - Level 2.4 Stealth
 * Level 12.4 Spellcasting
 + Level 8.5 Conjurations
 + Level 1.1 Hexes
 + Level 0.4 Evocations


You had 13 spell levels left.
You knew the following spells:

 Your Spells              Type           Power        Failure   Level  Hunger
a - Magic Dart            Conj           ####         1%          1    None
b - Searing Ray           Conj           ######       1%          2    None
c - Dazzling Spray        Conj/Hex       #####.       1%          3    None
d - Fulminant Prism       Conj/Hex       #####.....   8%          4    None
e - Iskenderun's Mystic   Conj           ######..     1%          4    None
f - Iskenderun's Battles  Conj/Chrm      #####...     24%         5    ###....


Dungeon Overview and Level Annotations

Branches:
Dungeon (6/15)             Temple (0/1) D:5

Altars:


Innate Abilities, Weirdness & Mutations

You have a pair of small horns on your head.
You are partially covered in rough black scales. (AC +4, Dex -1)
You occasionally shout uncontrollably at your foes.


Message History

Confirm with . or Enter, or press ? or * to list all spells.
Aiming: Magic Dart
Press: ? - help, Shift-Dir - straight line, f/p - yak
Aim: a yak (almost dead)
The magic dart hits the yak.
You kill the yak!
The yak gores you! The yak gores you.
You see here a long sword.
The yak gores you!
* * * LOW HITPOINT WARNING * * *
Casting: Magic Dart
Confirm with . or Enter, or press ? or * to list all spells.
Aiming: Searing Ray
Press: ? - help, Shift-Dir - straight line, f - yak
Aim: a yak The searing ray hits the yak.
The yak is lightly wounded.
The yak gores you!
You die...

#.##.#.....#######.##.#.#
#...............##.##...#
####.####....>..##.####.# #.#
#...<...##.####.# #†#
#.......##......# ##.#
#.......#######.# #..#
#)......# ####...
#.#####Y......# #...... #.#
#.@)...#### #.##...
#.###.###### #.#####
#.......# #.# ## #.###.#.#
#.# .## #.###.#.####### #.# #
#.## #.##.>..[..)..###.# #
##.########.....#)#####.....#
#
#..........###.#.###########
# ##.#######...........##
####


You could see a yak.

Vanquished Creatures
  Grinder (D:4)
  3 yaks (D:5)
  Menkaure (D:6)
  An ogre (D:4)
  A centaur (D:3)
  2 giant frogs
  2 jellies
  A scorpion (D:5)
  3 killer bees (D:5)
  3 crimson imps (D:5)
  2 giant frog zombies (D:5)
  A hound (D:4)
  2 centaur skeletons
  4 orc wizards
  Jessica (D:3)
  5 worker ants
  Natasha (twice) (D:2)
  A hound skeleton (D:6)
  3 gnolls (D:5)
  7 adders
  4 oozes
  An adder skeleton (D:6)
  6 worms
  A dart slug (D:2)
  3 giant geckos
  15 orcs
  2 ball pythons
  9 bats
  3 giant cockroaches
  14 goblins
  5 hobgoblins
  8 jackals
  3 quokkas
  4 giant newts
  13 kobolds
  7 rats
144 creatures vanquished.

Notes
Turn   | Place    | Note
-------+----------+-------------------------------------------
     0 | D:1      | poirepourri the Deep Elf Conjurer began the quest for the Orb.
     0 | D:1      | Reached XP level 1. HP: 10/10 MP: 6/6
   226 | D:1      | Reached XP level 2. HP: 15/15 MP: 0/8
   245 | D:1      | Reached skill level 5 in Conjurations
   792 | D:1      | Reached XP level 3. HP: 19/19 MP: 6/9
  1480 | D:2      | Noticed Natasha
  1483 | D:2      | Killed Natasha
  1483 | D:2      | Reached skill level 4 in Spellcasting
  1483 | D:2      | Reached XP level 4. HP: 24/24 MP: 6/12
  1932 | D:2      | Noticed Natasha
  1935 | D:2      | Killed Natasha
  2275 | D:2      | Learned a level 2 spell: Searing Ray
  2279 | D:2      | Learned a level 3 spell: Dazzling Spray
  2284 | D:2      | Learned a level 4 spell: Fulminant Prism
  2360 | D:2      | Reached skill level 5 in Spellcasting
  2398 | D:2      | Reached XP level 5. HP: 28/28 MP: 10/14
  2812 | D:3      | Learned a level 4 spell: Iskenderun's Mystic Blast
  2961 | D:3      | Noticed Jessica
  2972 | D:3      | Killed Jessica
  2972 | D:3      | Reached skill level 6 in Spellcasting
  3746 | D:3      | Reached XP level 6. HP: 32/32 MP: 15/17
  3775 | D:3      | Reached skill level 7 in Spellcasting
  4340 | D:4      | Learned a level 5 spell: Iskenderun's Battlesphere
  4721 | D:4      | Reached skill level 8 in Spellcasting
  4724 | D:4      | Reached XP level 7. HP: 12/36 MP: 4/20
  5105 | D:4      | Noticed Grinder
  5106 | D:4      | Paralysed by Grinder for 2 turns
  5110 | D:4      | Paralysed by Grinder for 5 turns
  5118 | D:4      | Killed Grinder
  5118 | D:4      | Reached skill level 9 in Spellcasting
  5574 | D:5      | Entered Level 5 of the Dungeon
  5723 | D:5      | Reached skill level 10 in Spellcasting
  5775 | D:5      | Found a staircase to the Ecumenical Temple.
  5881 | D:5      | Reached XP level 8. HP: 41/41 MP: 20/24
  6078 | D:5      | Found a glowing drain.
  7307 | D:5      | Reached skill level 11 in Spellcasting
  7559 | D:5      | HP: 2/41 [killer bee (6)]
  7912 | D:6      | Noticed Menkaure
  7917 | D:6      | Killed Menkaure
  7994 | D:5      | HP: 2/41 [poisoned by a killer bee]
  7997 | D:5      | Gained mutation: You occasionally shout uncontrollably at your foes. [potion of mutation]
  7997 | D:5      | Gained mutation: You are partially covered in rough black scales. (AC +4, Dex -1) [potion of mutation]
  7997 | D:5      | Gained mutation: You have a pair of small horns on your head. [potion of mutation]
  8001 | D:5      | HP: 2/61 [poisoned by a killer bee]
  8007 | D:5      | HP: 2/61 [poisoned by a killer bee]
  8013 | D:5      | HP: 1/61 [poisoned by a killer bee]
  8019 | D:5      | HP: 1/61 [poisoned by a killer bee]
  8626 | D:5      | Reached skill level 12 in Spellcasting
  8626 | D:5      | Reached skill level 1 in Hexes
  8628 | D:5      | Reached XP level 9. HP: 32/45 MP: 4/27
  8655 | D:5      | Slain by a yak

Vault maps used:
D:1:      minmay_arrival_nine_rooms, minmay_tripent
D:2:      uniq_natasha
D:3:      uniq_jessica
D:4:      uniq_grinder
D:5:      first_bread, portal_sewer_entry_e
D:6:      uniq_menkaure

Skill      XL: |  1  2  3  4  5  6  7  8 |
---------------+-------------------------+-----
Conjurations   | 5 6 7 8 |  8.5
Spellcasting   | 4 5 6 8 10 12 | 12.4
Dodging        | 3 |  3.8
Hexes          | 1 |  1.1
Stealth        | |  2.4
Evocations     | |  0.4

Action                   |  1- 3 |  4- 6 |  7- 9 || total
-------------------------+-------+-------+-------++-------
Melee: Unarmed           |     2 |       |       ||     2
       Short sword       |       |    11 |       ||    11
 Cast: Magic Dart        |    66 |   126 |   104 ||   296
       Searing Ray       |       |    12 |    31 ||    43
       Dazzling Spray    |       |     2 |     6 ||     8
Evoke: Wand              |       |       |     2 ||     2
  Use: Potion            |     1 |     2 |     5 ||     8
       Scroll            |       |    13 |     4 ||    17
  Eat: Bread ration      |     1 |     1 |     1 ||     3
       Fruit             |       |     3 |       ||     3
       Beef jerky        |       |       |     2 ||     2
       Meat ration       |       |       |     1 ||     1
       Pizza             |       |       |     1 ||     1
Armor: Robe              |     7 |     6 |    27 ||    40
Dodge: Dodged            |    25 |    31 |    77 ||   133
